 Seeded DCSS version 0.25-a0-822-g6581751 (webtiles) character file.

Game seed: 7948501253545438165, levelgen mode: deterministic

140 Buxparty the Chiller (level 5, -4/28 HPs)
             Began as a Kobold Ice Elementalist on Apr 20, 2020.
             Slain by an ogre
             ... wielding a +0 giant club
              (19 damage)
             ... on level 3 of the Dungeon.
             The game lasted 00:17:18 (4016 turns).

Buxparty the Chiller (Kobold Ice Elementalist)      Turns: 4016, Time: 00:17:18

Health: -4/28      AC:  3    Str:  6    XL:     5   Next: 47%
Magic:  9/9        EV: 16    Int: 17    God:
Gold:   194        SH:  0    Dex: 15    Spells: 6/10 levels left

rFire    . . .     SeeInvis .   (weapon restricted)
rCold    . . .     Gourm    .   (shield restricted)
rNeg     . . .     Faith    .   a - +0 robe
rPois    .         Spirit   .   (no helmet)
rElec    .         Reflect  .   (no cloak)
rCorr    .         Harm     .   (no gloves)
MR       .....                  u - +0 pair of boots
Stlth    +++.......             (no amulet)
HPRegen  0.09/turn              (no ring)
MPRegen  0.11/turn              (no ring)

@: no status effects
A: small, carnivore
a: no special abilities


You were on level 3 of the Dungeon.
You were very full.

You visited 1 branch of the dungeon, and saw 4 of its levels.

You collected 194 gold pieces.

Inventory:

Hand Weapons
 f - a +0 dagger
Missiles
 e - 147 stones (quivered)
 g - 2 boomerangs
 o - 4 silver boomerangs
Armour
 a - a +0 robe (worn)
 u - a +0 pair of boots (worn)
Scrolls
 b - 8 scrolls of identify {unknown}
 h - a scroll of magic mapping {unknown}
 i - a scroll of remove curse {unknown}
 m - a scroll of enchant armour {unknown}
 n - a scroll of teleportation {unknown}
 q - a scroll of enchant weapon {unknown}
 s - a scroll of blinking {unknown}
 t - a scroll of random uselessness {unknown}
Potions
 d - 2 potions of might {unknown}
 j - 2 potions of haste {unknown}
 k - 2 potions of lignification {unknown}
 l - 2 potions of curing {unknown}
 p - a potion of berserk rage {unknown}
 r - a potion of brilliance {unknown}
Comestibles
 c - 4 rations


   Skills:
 + Level 3.6 Dodging
 + Level 4.3 Stealth
 + Level 3.1 Spellcasting
 + Level 4.9 Ice Magic


You had 6 spell levels left.
You knew the following spells:

 Your Spells              Type           Power        Failure   Level  Hunger
a - Freeze                Ice            ###.         2%          1    None
b - Ozocubu's Armour      Chrm/Ice       ##......     19%         3    ###....

Your spell library contained the following spells:

 Spells                   Type           Power        Failure   Level  Hunger
 Frozen Ramparts          Ice            ###...       7%          3    ###....
 Hailstorm                Conj/Ice       ##......     54%         4    ####...
 Summon Ice Beast         Ice/Summ       ##......     54%         4    ####...


Dungeon Overview and Level Annotations

Branches:
Dungeon (4/15)
 Temple: D:4-7

Altars:
Nemelex Xobeh
Uskayaw

Shops:
D:4 ?


Innate Abilities, Weirdness & Mutations

You are small and have problems with some larger weapons.
You are carnivorous and can eat meat at any time.


Message History

You now have 194 gold pieces (gained 4).
An ogre comes into view. It is wielding a +0 giant club.
Casting: Freeze (safe; 2% risk of failure)
Confirm with . or Enter, or press ? or * to list all spells.
Aiming: Freeze (safe; 2% risk of failure)
Press: ? - help, Shift-Dir - straight line, f - ogre
Aim: an ogre, wielding a +0 giant club (resting)
You freeze the ogre.
The ogre shouts!
The ogre is lightly wounded.
The ogre barely misses you.
There is a stone staircase leading up here.
The ogre hits you with a +0 giant club!
Ouch! That really hurt!
You climb upwards.
There is a stone staircase leading down here.
There is an open door here.
The ogre hits you with a +0 giant club!!
Ouch! That really hurt!
You die...

.....# #.# #♣.♣.♣.♣..........
.....######.# #......########...
............# #♣.♣.♣.♣ ##..
############# #..#.#.##### #.. #
#..#.......# ##. #
########..#.......######. #
#......#..#..............
#########.####.#..##......######.
...............#@.........##.....
####......######O##.......+...P..
####......................##..♣♣♣
...#......#...##.###......##.♣♣♣♣
...#.....##.#.##[.....##+###.PP♣♣
...'........#.#######.##.##..#P♣♣
...##########.# #.#.##.##.##...
....#########.# #..........'...
###...........#####.#.##.##.##...


You could see an ogre.

Vanquished Creatures
  A worker ant (D:4)
  6 adders
  An ooze (D:3)
  4 worms
  2 leopard geckos
  2 orcs
  A ball python (D:3)
  2 giant cockroaches
  4 goblins
  3 hobgoblins
  6 kobolds
  4 quokkas
  2 bats
  5 frilled lizards
  7 rats
50 creatures vanquished.

Notes
Turn   | Place    | Note
-------+----------+-------------------------------------------
     0 | D:1      | Buxparty the Kobold Ice Elementalist began the quest for
                  | the Orb.
     0 | D:1      | Reached XP level 1. HP: 10/10 MP: 3/3
   281 | D:1      | Reached XP level 2. HP: 15/15 MP: 3/5
   662 | D:1      | Found a sparkling altar of Nemelex Xobeh.
   931 | D:2      | Reached XP level 3. HP: 18/19 MP: 3/6
  1086 | D:2      | Learned a level 3 spell: Ozocubu's Armour
  1358 | D:2      | Found a hide-covered altar of Uskayaw.
  1359 | D:2      | Noticed a +0 dagger
  1360 | D:2      | Noticed a +0 hand axe
  1446 | D:2      | You fall into a shaft and drop 1 floor!
  1840 | D:2      | Reached XP level 4. HP: 24/24 MP: 3/7
  3383 | D:3      | Reached XP level 5. HP: 28/28 MP: 7/9
  3824 | D:4      | Found Naqucum's Magic Scroll Emporium.
  3916 | D:4      | Noticed an ogre
  4016 | D:3      | Slain by an ogre

Levels and vault maps discovered:
D:1:      enne_arrival_octagon_isle, layout_basic, nemelex_diamond_rough_becter
D:2:      layout_basic, dancing_weapons_uskayaw
D:3:      layout_basic, serial_forest, infiniplex_forest_end_2,
          infiniplex_forest_fountain, infiniplex_forest_clump_long,
          infiniplex_forest_diagonal, infiniplex_forest_clump_medium,
          infiniplex_forest_lined_room_2
D:4:      layout_basic, serial_shops, nicolae_shop_crystal,
          minmay_fractal_squares_gapless_5

Skill      XL: |  1  2  3  4  5 |
---------------+----------------+-----
Stealth        | 3 4 |  4.3
Dodging        | 3 |  3.6
Spellcasting   | 3 |  3.1
Ice Magic      | |  4.9

Action                   |  1- 3 |  4- 6 || total
-------------------------+-------+-------++-------
Throw: Stone             |    66 |     8 ||    74
 Cast: Freeze            |    41 |    59 ||   100
       Ozocubu's Armour  |       |     2 ||     2
  Eat: Chunk             |    10 |     7 ||    17
Armor: Robe              |     7 |     2 ||     9
Dodge: Dodged            |    26 |    27 ||    53

Table legend:
 A = Non-vault XP
 B = Vault XP
 C = Vault XP percentage of total XP
 D = Non-vault monster count
 E = Vault monster count
 F = Vault count percentage of total count
                 A         B        C        D         E       F
            +---------+---------+-------+---------+---------+-------
      Total |     201 |       0 |   0.0 |      50 |       0 |   0.0
            +---------+---------+-------+---------+---------+-------
        D:1 |      13 |       0 |   0.0 |       7 |       0 |   0.0
        D:2 |      58 |       0 |   0.0 |      13 |       0 |   0.0
        D:3 |      69 |       0 |   0.0 |      26 |       0 |   0.0
        D:4 |      61 |       0 |   0.0 |       4 |       0 |   0.0
            +---------+---------+-------+---------+---------+-------
